 Dungeon Crawl Stone Soup version 0.30-a0-918-g0ff054e9dc (webtiles) character file.

Game seed: 3489773554171436987

79993 jlumianski the Fighter (level 15, -6/127 HPs)
             Began as a Demonspawn Fighter on Mar 20, 2023.
             Was the Champion of Qazlal.
             Killed from afar by Nikola (41 damage)
             ... with an arc of chain lightning
             ... on level 1 of the Snake Pit on Mar 21, 2023.
             The game lasted 01:42:53 (20214 turns).

jlumianski the Fighter (Demonspawn Fighter)        Turns: 20214, Time: 01:42:53

Health: -6/127     AC: 32    Str: 21    XL:     15   Next: 22%
Magic:  19/23      EV: 23    Int: 17    God:    Qazlal [******]
Gold:   1869       SH: 15    Dex: 17    Spells: 14/14 levels left

rFire   . . .      SeeInvis .    Z - +8 broad axe (heavy)
rCold   . . .      Faith    .    c - +0 buckler
rNeg    . . .      Spirit   .    t - +2 storm dragon scales of the Eight Boll Weevils {rElec rCorr Int+2 Dex+5}
rPois   +          Reflect  .    y - +2 helmet
rElec   +          Rampage  .    (cloak unavailable)
rCorr   +                        I - +2 pair of gloves
Will    +....                    e - +2 pair of boots Stlth
                                 r - amulet of the acrobat
HPRegen 0.41/turn                E - +4 ring of protection
MPRegen 0.18/turn                J - ring of poison resistance

@: protected from electricity, acrobatic, repel missiles
A: yellow scales 1, powered by death 2, demonic magic 2, weakness stinger 3,
clever 1
a: Renounce Religion, Upheaval, Elemental Force, Disaster Area


You were on level 1 of the Snake Pit.
You worshipped Qazlal.
Qazlal was exalted by your worship.
You visited 5 branches of the dungeon, and saw 23 of its levels.
You also visited: Bailey.

You collected 3058 gold pieces.
You spent 1189 gold pieces at shops.

Inventory:

Hand Weapons
 i - a +2 executioner's axe of chaos
 L - a +2 flail of draining
 Z - a +8 heavy broad axe (weapon)
Missiles
 f - 35 boomerangs
 q - 5 throwing nets
 z - 3 javelins
 A - 4 curare-tipped darts
 B - 39 poisoned darts (quivered)
 K - 3 silver javelins
Armour
 c - a +0 buckler (worn)
 e - a +2 pair of boots (worn)
 t - the +2 storm dragon scales of the Eight Boll Weevils (worn) {rElec rCorr Int+2 Dex+5}
   (You found it on level 5 of the Lair of Beasts)

   Int:       It affects your intelligence (+2).
   Dex:       It affects your dexterity (+5).
   rElec:     It insulates you from electricity.
   rCorr:     It protects you from acid and corrosion.
 y - a +2 helmet (worn)
 I - a +2 pair of gloves (worn)
Jewellery
 n - a +5 ring of evasion
 r - an amulet of the acrobat (around neck)
 E - a +4 ring of protection (left hand)
 H - a ring of protection from cold
 J - a ring of poison resistance (right hand)
Wands
 j - a wand of flame (13)
 x - a wand of acid (12)
 G - a wand of roots (13)
 M - a wand of mindburst (27)
 X - a wand of charming (6)
Scrolls
 a - 3 scrolls of immolation
 h - 2 scrolls of silence
 l - 3 scrolls of fog
 o - 3 scrolls of fear
 u - a scroll of enchant armour
 D - a scroll of poison
 F - 3 scrolls of butterflies
 T - 5 scrolls of teleportation
 Y - 4 scrolls of blinking
Potions
 b - a potion of invisibility
 d - 2 potions of might
 k - a potion of berserk rage
 m - 4 potions of lignification
 p - 3 potions of heal wounds
 s - 2 potions of attraction
 v - a potion of degeneration
 w - 3 potions of flight
 O - a potion of resistance
 Q - 5 potions of haste
 V - 3 potions of curing
Miscellaneous
 N - a box of beasts


   Skills:
 * Level 14.7 Fighting
 + Level 14.6 Axes
 - Level 0.3(9.4) Maces & Flails
 + Level 4.9 Throwing
 + Level 9.8 Armour
 + Level 1.3 Dodging
 - Level 0.3 Stealth
 + Level 9.1 Shields
 * Level 11.1 Invocations
 * Level 5.1 Evocations


You had 14 spell levels left.
You didn't know any spells.
Your spell library contained the following spells:

 Spells                   Type           Power      Damage    Failure   Level
 Apportation              Tloc           0%         N/A       88%         1
 Kiss of Death            Conj/Necr      0%         2d5       88%         1
 Magic Dart               Conj           0%         1d3       88%         1
 Necrotise                Necr           0%         1d4       88%         1
 Summon Small Mammal      Summ           0%         N/A       88%         1
 Call Imp                 Summ           0%         N/A       96%         2
 Lesser Beckoning         Tloc           0%         N/A       96%         2
 Confusing Touch          Hex            0%         N/A       99%         3
 Dazzling Flash           Conj/Hex       0%         N/A       99%         3
 Gell's Gravitas          Tloc           0%         N/A       99%         3
 Inner Flame              Hex/Fire       0%         N/A       99%         3
 Mephitic Cloud           Conj/Pois/Air  0%         N/A       99%         3
 Summon Guardian Golem    Hex/Summ       0%         N/A       99%         3
 Teleport Other           Tloc           0%         N/A       99%         3
 Dispel Undead            Necr           0%         3d6       100%        4
 Flame Wave               Conj/Fire      0%         2d4       100%        4
 Passage of Golubria      Tloc           0%         N/A       100%        4
 Sticky Flame             Conj/Fire      0%         2d3       100%        4
 Agony                    Necr           0%         N/A       100%        5
 Silence                  Hex/Air        0%         N/A       100%        5
 Orb of Destruction       Conj           0%         9d5       100%        7
 Spellforged Servitor     Conj/Summ      0%         N/A       100%        7
 Lehudib's Crystal Spear  Conj/Erth      0%         10d2      100%        8


Dungeon Overview and Level Annotations

Branches:
Dungeon (13/15) Temple (1/1) D:7 Lair (5/5) D:11 Shoals (0/4) Lair:2 Snake (2/4) Lair:2 Slime (0/5) Lair:5 Orc (2/2) D:11 Elf (0/3) Orc:2 Vaults (0/5) D:12 D:13 Bailey (visited)

Altars:
Ashenzari
Cheibriados
Dithmenos
Fedhas
Gozag
Hepliaklqana
Kikubaaqudgha
Makhleb
Nemelex Xobeh
Okawaru
Qazlal
Ru
Sif Muna
Trog
Uskayaw
Vehumet
Wu Jian
Xom
Yredelemnul
Jiyva

Shops:
D:5 :   D:9 :   D:12 ?   Orc:1 **   Orc:2 *!?   Snake:1 (

Portals:
Trove: D:12 (show abyssal rune of Zot)

Annotations:
D:5 Menkaure
D:6 3 runed translucent doors, Pimp's ghost, novice DsFi; hikkokomori's ghost, novice BaHu
D:10 2 runed translucent doors, exclusion: statue
D:13 Urug
Snake:1 Nikola


Innate Abilities, Weirdness & Mutations

You are partially covered in yellow scales. (AC +2)
You regenerate health from kills.
Spells you cast may paralyse nearby enemies.
You have a sharp stinger which inflicts weakening toxins.
Your mind is acute. (Int +4, Str/Dex -1)


Message History

You kill your butterfly!
Your butterfly disappears in a burst of colours!
Nikola mumbles some strange words.
Lightning arcs from Nikola's hands!
The bolt of lightning hits your butterfly!!!
Your butterfly dies!
Your butterfly disappears in a burst of colours!
A bolt of lightning appears from out of thin air!
The bolt of lightning hits your butterfly!!
Your butterfly dies!
Your butterfly disappears in a burst of colours!
The bolt of lightning hits your butterfly!!!
Your butterfly dies!
Your butterfly disappears in a burst of colours!
The bolt of lightning hits your butterfly!!!
Your butterfly dies!
Your butterfly disappears in a burst of colours!
The bolt of lightning hits your butterfly!!
Your butterfly dies!
Your butterfly disappears in a burst of colours!
The bolt of lightning hits your butterfly!!!
Your butterfly dies!
Your butterfly disappears in a burst of colours!
The bolt of lightning hits your butterfly!!!
Your butterfly dies!
Your butterfly disappears in a burst of colours!
The bolt of lightning hits your butterfly!!
Your butterfly dies!
Your butterfly disappears in a burst of colours!
The bolt of lightning hits Nikola!
The bolt of lightning hits your earth elemental!!
Your earth elemental resists.
Your earth elemental is destroyed!
Your earth elemental disappears in a puff of smoke!
The bolt of lightning hits your butterfly!!
Your butterfly dies!
Your butterfly disappears in a burst of colours!
The bolt of lightning hits you!!! You resist.
You feel more protected from electricity.
You die...

##### .(....##.##..#####.
#...#### ......#.[.#..#.....
#.>....### .....##.⌠....#.####
#........##.....#...##.#..##..
#####.....#######b..#..#.##...
###.bb.bb§bbbb.##...##....
###....§.○..####..#.....
##.bb°.○.##..#.##..... ...
#.☼b@.⌠@#.....##..... ...
##bbb°.b.##.###....... ....
##...○bb☼.b# #......# .....
##...b..b.....# #......#
.....# #...#######....
#####.#.
......##...#.....##.... ####
........⌠.##......###.. ####
.....#...#.........#### #...
....###.##............#####...


You could see Nikola (weak, ally target).

Vanquished Creatures
  Kirke (Lair:5)
  An orc warlord (Bailey)
  A dire elephant (Lair:5)
  The ghost of OhDinosaurWizard the Basher, a journeyman DsFi of Yredelemnul (Snake:1)
  Fannar (D:12)
  A hydra (Lair:4)
  A boulder beetle (D:12)
  An anaconda (Snake:1)
  A deep troll shaman (Lair:5)
  4 catoblepae
  4 two-headed ogres
  3 death yaks (Lair:5)
  4 naga warriors (Snake:1)
  3 orc high priests (Orc:2)
  Sonja (Lair:3)
  A dancing weapon (Snake:1)
  2 naga ritualists (Snake:1)
  Pikel (D:7)
  5 orc knights
  A mana viper (Snake:1)
  3 orc sorcerers (Orc:2)
  3 manticores
  2 salamanders (Snake:1)
  A merfolk siren (Lair:2)
  21 elephants
  Maurice (D:9)
  2 naga magi (Snake:1)
  9 cane toads
  13 black mambas
  3 rime drakes
  3 kobold demonologists
  11 komodo dragons
  2 trolls
  3 merfolk
  A polar bear (Lair:2)
  20 blink frogs
  Prince Ribbit (D:9)
  5 dream sheep (Lair:5)
  4 slime creatures (D:12)
  A shadow (D:11)
  50 yaks
  A wyvern (Lair:2)
  3 steam dragons
  A wraith (D:6)
  16 humans (D:12)
  2 basilisks
  3 hogs (Lair:5)
  2 vampire mosquitoes (D:12)
  Edmund (D:4)
  5 nagas
  15 water moccasins
  Duvessa (D:7)
  2 ice beasts
  35 orc warriors
  A sky beast (D:7)
  7 ogres
  2 black bears
  27 wolves
  4 centaurs
  4 lemures
  6 kobold brigands
  A gnoll sergeant (D:6)
  11 bullfrogs
  2 scorpions
  10 wights
  Dowan (D:7)
  19 killer bees
  6 howler monkeys
  3 electric eels
  4 crimson imps
  6 hounds
  23 orc priests
  A jelly (D:7)
  Crazy Yiuf (D:2)
  Jessica (D:2)
  4 hell rats (Lair:3)
  Natasha (thrice) (D:2)
  4 iguanas
  25 orc wizards
  Robin (D:3)
  3 gnolls (Bailey)
  5 adders
  A shadow imp (D:5)
  3 ufetubi
  3 worms
  75 orcs
  4 ball pythons
  12 endoplasms
  5 giant cockroaches
  31 goblins
  28 hobgoblins
  6 jackals
  31 kobolds
  10 quokkas
  3 training dummies (Snake:1)
  5 bats
  2 frilled lizards
  5 rats
693 creatures vanquished.

Vanquished Creatures (collateral kills)
  3 hydras
  A cane toad (Lair:3)
  A water moccasin (Lair:5)
5 creatures vanquished.

Vanquished Creatures (others)
  16 fungi
  48 plants
  5 withered plants (D:6)
69 creatures vanquished.

Grand Total: 767 creatures vanquished

Notes
Turn   | Place    | Note
-------+----------+-------------------------------------------
     0 | D:1      | jlumianski the Demonspawn Fighter began the quest for the
                  | Orb.
     0 | D:1      | Reached XP level 1. HP: 18/18 MP: 1/1
   175 | D:1      | Gained mutation: Spells you cast may paralyse adjacent
                  | enemies. [demonic ancestry]
   175 | D:1      | Reached XP level 2. HP: 24/24 MP: 2/2
   696 | D:1      | Found a faded altar of an unknown god.
   733 | D:1      | Reached XP level 3. HP: 29/29 MP: 3/3
  1505 | D:2      | Gained mutation: Spells you cast may paralyse nearby
                  | enemies. [demonic ancestry]
  1505 | D:2      | Reached XP level 4. HP: 37/37 MP: 4/4
  1534 | D:2      | Noticed Natasha
  1539 | D:2      | Killed Natasha
  1630 | D:2      | Noticed Jessica
  1641 | D:2      | Killed Jessica
  1966 | D:2      | Found a runed translucent door.
  1967 | D:2      | Noticed Crazy Yiuf
  2000 | D:2      | Noticed Natasha
  2014 | D:2      | Killed Natasha
  2015 | D:2      | Gained mutation: You have a small tail. [demonic ancestry]
  2015 | D:2      | Reached XP level 5. HP: 32/42 MP: 5/5
  2156 | D:2      | Noticed Natasha
  2167 | D:2      | Killed Natasha
  2334 | D:2      | Killed Crazy Yiuf
  2367 | D:3      | Noticed Robin
  2440 | D:3      | Killed Robin
  3031 | D:3      | Found a shadowy altar of Dithmenos.
  3098 | D:4      | Reached XP level 6. HP: 27/49 MP: 6/6
  3634 | D:3      | Found an ornate altar of the Wu Jian Council.
  3714 | D:5      | Entered Level 5 of the Dungeon
  3771 | D:5      | Found Vegyusm's Book Shop.
  4060 | D:4      | Found an ancient bone altar of Kikubaaqudgha.
  4232 | D:4      | Gained mutation: You regenerate a little health from kills.
                  | [demonic ancestry]
  4232 | D:4      | Reached XP level 7. HP: 47/55 MP: 7/7
  4453 | D:4      | Reached skill level 5 in Fighting
  4496 | D:4      | Noticed Edmund
  4519 | D:4      | Killed Edmund
  4520 | D:4      | Reached skill level 5 in Axes
  4520 | D:4      | Reached skill level 1 in Throwing
  4860 | D:5      | You fall into a shaft and drop 2 floors!
  4909 | D:7      | Noticed a steam dragon
  4923 | D:6      | Noticed a troll
  4967 | D:6      | Found a runed translucent gate.
  4986 | D:6      | Gained mutation: You regenerate health from kills. [demonic
                  | ancestry]
  4986 | D:6      | Reached XP level 8. HP: 49/64 MP: 8/8
  5100 | D:5      | Noticed Menkaure
  5278 | D:6      | Found a runed translucent gate.
  5278 | D:6      | Found a runed translucent gate.
  5281 | D:6      | Noticed hikkokomori's ghost (novice BaHu)
  5281 | D:6      | Noticed Pimp's ghost (novice DsFi)
  5386 | D:6      | Killed a troll
  5502 | D:7      | Reached skill level 5 in Armour
  5529 | D:6      | Found a shimmering blue altar of Sif Muna.
  5559 | D:6      | Found a basalt altar of Yredelemnul.
  5604 | D:6      | Reached skill level 5 in Shields
  5604 | D:6      | Reached XP level 9. HP: 48/78 MP: 9/9
  5806 | D:6      | Reached XP level 10. HP: 71/83 MP: 10/10
  6283 | D:7      | Noticed Pikel
  6299 | D:7      | Killed Pikel
  6300 | D:7      | Reached skill level 10 in Fighting
  6522 | D:7      | Found a staircase to the Ecumenical Temple.
  6528 | Temple   | Entered the Ecumenical Temple
  6661 | D:7      | Noticed Dowan
  6701 | D:7      | Killed Dowan
  6805 | D:7      | Noticed Duvessa
  6945 | D:7      | Found a shimmering altar of Xom.
  7286 | D:7      | Killed Duvessa
  8206 | D:9      | Found Suopasm's Book Emporium.
  8531 | D:8      | Gained mutation: You are partially covered in yellow
                  | scales. (AC +2) [demonic ancestry]
  8531 | D:8      | Reached XP level 11. HP: 80/92 MP: 11/11
  8704 | D:10     | Entered Level 10 of the Dungeon
  8706 | D:10     | Found a large runed translucent door.
  8711 | D:10     | Found a large runed translucent door.
  8725 | D:10     | Found a radiant altar of Vehumet.
  8726 | D:10     | Noticed a two-headed ogre
  8737 | D:10     | Killed a two-headed ogre
  8803 | D:10     | Reached skill level 10 in Axes
  8817 | D:10     | Found a stormy altar of Qazlal.
  8823 | D:10     | Became a worshipper of Qazlal Stormbringer
  8828 | D:10     | Found a broken altar of Ashenzari.
  8830 | D:10     | Found an opulent altar of Gozag.
  8869 | D:10     | Found a flagged portal.
  8911 | Bailey   | Entered a bailey
  9073 | Bailey   | Noticed an orc knight
  9092 | Bailey   | Killed an orc knight
  9093 | Bailey   | Reached skill level 1 in Invocations
  9121 | Bailey   | Reached * piety under Qazlal
  9385 | Bailey   | Noticed an orc warlord
  9402 | Bailey   | Killed an orc warlord
  9632 | D:9      | Found an iron altar of Okawaru.
  9656 | D:9      | Noticed Maurice
  9683 | D:9      | Killed Maurice
  9831 | D:9      | Reached ** piety under Qazlal
  9855 | D:9      | Acquired 874 gold pieces
  9914 | D:9      | Noticed a two-headed ogre
  9939 | D:9      | Killed a two-headed ogre
 10125 | D:9      | Noticed Prince Ribbit
 10149 | D:9      | Killed Prince Ribbit
 10728 | D:10     | Gained mutation: Your mind is acute. (Int +4, Str/Dex -1)
                  | [potion of mutation]
 10918 | D:11     | Found a staircase to the Lair.
 10964 | D:11     | Found a staircase to the Orcish Mines.
 10987 | D:11     | Noticed a two-headed ogre
 10994 | D:11     | Killed a two-headed ogre
 10995 | D:11     | Gained mutation: You have a tail ending in a sharp stinger.
                  | [demonic ancestry]
 10995 | D:11     | Reached XP level 12. HP: 51/100 MP: 15/15
 11405 | D:12     | Noticed a boulder beetle
 11425 | D:12     | Killed a boulder beetle
 11569 | D:11     | Found a stormy altar of Qazlal.
 11929 | D:12     | Found Nevonlut's Magic Scroll Shop.
 11944 | D:12     | Reached skill level 5 in Invocations
 11950 | D:12     | Bought 2 scrolls of enchant armour for 240 gold pieces
 11950 | D:12     | Bought a scroll of teleportation for 48 gold pieces
 11950 | D:12     | Bought a scroll of enchant weapon for 120 gold pieces
 11950 | D:12     | Bought a scroll of identify for 32 gold pieces
 11950 | D:12     | Bought a scroll of butterflies for 64 gold pieces
 11962 | D:13     | Noticed a centaur warrior
 11962 | D:13     | Noticed a two-headed ogre
 11962 | D:13     | Noticed a centaur warrior
 11962 | D:13     | Noticed Urug
 11962 | D:13     | Found a gate to the Vaults.
 11963 | D:13     | Noticed a centaur warrior
 12025 | D:12     | Noticed Fannar
 12039 | D:12     | HP: 4/101 [Fannar/staff of cold (12)]
 12044 | D:12     | Killed Fannar
 12535 | D:12     | Found a portal to a secret trove of treasure.
 12715 | D:12     | Reached *** piety under Qazlal
 12747 | D:12     | Killed a two-headed ogre
 12981 | Lair:1   | Entered Level 1 of the Lair of Beasts
 12999 | D:11     | Reached skill level 1 in Dodging
 13456 | Lair:2   | Reached **** piety under Qazlal
 13523 | Lair:2   | Reached XP level 13. HP: 109/109 MP: 18/18
 13866 | Lair:2   | Found a staircase to the Snake Pit.
 13881 | Lair:2   | Reached ***** piety under Qazlal
 14727 | Lair:3   | Noticed Sonja
 14730 | Lair:3   | Killed Sonja
 14869 | Lair:2   | Found a staircase to the Shoals.
 14959 | Lair:2   | Identified the +8 falchion of Hepliaklqana's Favour {venom,
                  | rElec rPois rF+ rN+ Stlth-}
 16182 | Lair:5   | Entered Level 5 of the Lair of Beasts
 16307 | Lair:5   | Reached skill level 1 in Evocations
 16381 | Lair:5   | Gained mutation: You have a sharp stinger which inflicts
                  | weakening toxins. [demonic ancestry]
 16381 | Lair:5   | Reached XP level 14. HP: 116/118 MP: 20/20
 16484 | Lair:4   | You fall into a shaft and drop 1 floor!
 16484 | Lair:5   | Found a staircase to the Slime Pits.
 16484 | Lair:5   | Found a viscous altar of Jiyva.
 17528 | Lair:5   | Noticed Kirke
 17539 | Lair:5   | Killed Kirke
 17540 | Lair:5   | Reached skill level 10 in Invocations
 17734 | Lair:5   | Identified the +2 storm dragon scales of the Eight Boll
                  | Weevils {rElec rCorr Int+2 Dex+5}
 18208 | Orc:1    | Entered Level 1 of the Orcish Mines
 18208 | Orc:1    | Found Weciablek's Specific Store.
 18253 | Orc:1    | Found Xoashorr's General Store.
 18259 | Orc:1    | Bought a potion of heal wounds for 65 gold pieces
 18259 | Orc:1    | Bought 6 boomerangs for 156 gold pieces
 18366 | Orc:2    | Entered Level 2 of the Orcish Mines
 18588 | Orc:2    | Found a staircase to the Elven Halls.
 18706 | Orc:2    | Reached ****** piety under Qazlal
 19261 | Orc:2    | Found Macoomiw's Antique Armour Emporium.
 19261 | Orc:2    | Found Piff's General Store.
 19263 | Orc:2    | Found Agepeij's Distillery.
 19263 | Orc:2    | Found Maukhlie's Magic Scroll Shop.
 19413 | Orc:2    | Bought a potion of invisibility for 80 gold pieces
 19414 | Orc:2    | Bought a scroll of identify for 32 gold pieces
 19414 | Orc:2    | Bought a scroll of blinking for 120 gold pieces
 19416 | Orc:2    | Bought a scroll of silence for 152 gold pieces
 19416 | Orc:2    | Bought a potion of heal wounds for 80 gold pieces
 19526 | Snake:1  | Entered Level 1 of the Snake Pit
 19622 | Snake:1  | Found a runed translucent door.
 19628 | Snake:1  | Reached XP level 15. HP: 113/127 MP: 23/23
 19628 | Snake:1  | Found a shimmering altar of Xom.
 19631 | Snake:1  | Noticed OhDinosaurWizard's ghost (journeyman DsFi)
 19663 | Snake:1  | Killed OhDinosaurWizard's ghost
 20056 | Snake:1  | Reached skill level 5 in Evocations
 20092 | Snake:1  | Found Ymuc's Firing Range.
 20194 | Snake:2  | Noticed Nikola
 20214 | Snake:1  | Killed from afar by Nikola

Illustrated notes

Levels and vault maps discovered:
D:1:      erik_arrival_blinker_ship, layout_basic,
          hellmonk_ecumenical_altar_crossroads, minmay_misc_feat_doors,
          minivault_27, minmay_misc_feat_columns, st_stairs_12,
          roderic_lattice_a
D:2:      layout_basic, uniq_jessica, uniq_natasha, uniq_crazy_yiuf_cottage
D:3:      layout_loops_corners, nicolae_wu_jian_immortal_techniques,
          nicolae_overflow_hidden_temple, uniq_robin
D:4:      layout_basic, nicolae_kikubaaqudgha_miasma_corner, uniq_edmund
D:5:      layout_gridville, kennysheep_mini, gammafunk_ghost_split,
          serial_shops, shop, kennysheep_decorative_pillar,
          nicolae_shop_fire_sale [nicolae_sub_dead_trees], moated_statue,
          uniq_menkaure
D:6:      hangedman_cross_stitches, layout_loops_cross,
          grunt_temple_overflow_open, gammafunk_ghost_cemetery
D:7:      layout_loops_cross, led_xom_imps, lemuel_crystal_altar,
          minmay_temple_entry_proselytizer, st_stairs_14, uniq_duvessa,
          uniq_pikel
D:8:      layout_rooms
D:9:      layout_basic, kennysheep_little_box, serial_shops,
          nicolae_stop_n_shop_1, uniq_prince_ribbit1, uniq_maurice
D:10:     layout_small_grid, minitemple, vehumet_statue, enter_bailey_5,
          lightli_elemental_guards
D:11:     layout_cave_pods, david_lair_shrubbed, david_orc_2,
          nicolae_qazlal_general_emergency
D:12:     layout_basic, serial_shops, shop_scrolls, enter_trove_2,
          minmay_misc_feat_four_crosses, uniq_fannar
D:13:     layout_basic, david_vaults_3, nicolae_take_the_stairs,
          tso_oasis_becter, uniq_frances
Temple:   nicolae_temple_colour_theory
Lair:1:   layout_chaotic_city
Lair:2:   layout_misc_corridors, elwin_shoals_entry_stream,
          minmay_snake_entry_guardpost_small, serial_bayou_shore_a,
          infiniplex_staircase_pool
Lair:3:   layout_hall_layers, uniq_sonja
Lair:4:   nzn_motion_control, layout_cave_pods, infiniplex_staircase_pool_2
Lair:5:   grunt_lair_end_beastmaster, layout_cave_pods, slime_entry_1,
          uniq_kirke
Snake:1:  layout_chambers, ebering_ghost_xom, nicolae_shop_firing_range,
          grunt_megastairs_4, nicolae_triple_integral
Snake:2:  layout_gridlike, serial_shops, shop_statue, uniq_aizul, uniq_nikola,
          uniq_saint_roka
Orc:1:    layout_caves, serial_shops, nicolae_specific_store
Orc:2:    grunt_orc_tribal_feast, layout_caves

Skill      XL: |  1  2  3  4  5  6  7  8  9 10 11 12 13 14 15 |
---------------+----------------------------------------------+-----
Armour         | 3 4 6 7 8 9 |  9.8
Axes           | 2 3 4 5 8 9 11 12 13 14 | 14.6
Fighting       | 4 5 9 10 11 12 13 14 | 14.7
Shields        | 3 5 6 7 8 9 |  9.1
Throwing       | 1 2 3 4 |  4.9
Invocations    | 4 6 9 10 11 | 11.1
Dodging        | 1 |  1.3
Evocations     | 1 4 5 |  5.1
Maces & Flails | |  0.3
Stealth        | |  0.3

Action                     |  1- 3 |  4- 6 |  7- 9 | 10-12 | 13-15 || total
---------------------------+-------+-------+-------+-------+-------++-------
  Melee: War axe           |   129 |   167 |   142 |   400 |       ||   838
         Tailslap          |       |    22 |    23 |    91 |    86 ||   222
         Broad axe         |       |       |       |   268 |   511 ||   779
         Flail             |       |       |       |       |    14 ||    14
  Throw: Boomerang         |     1 |    25 |    35 |    28 |       ||    89
         Dart              |       |       |       |    56 |    38 ||    94
 Invoke: Elemental Force   |       |       |       |       |     4 ||     4
         Upheaval          |       |       |       |       |     4 ||     4
  Evoke: Wand              |       |       |     2 |     1 |     1 ||     4
    Use: Potion            |       |     2 |     4 |    10 |     2 ||    18
         Scroll            |       |     1 |     8 |    21 |     8 ||    38
   Stab: Paralysed         |       |       |       |     1 |     3 ||     4
         Invisible         |       |       |       |     4 |       ||     4
         Distracted        |       |       |       |       |     1 ||     1
 Armour: Scale mail        |     9 |       |       |       |       ||     9
         Plate armour      |    51 |    94 |   117 |   417 |   241 ||   920
         Storm dragon scal |       |       |       |       |    91 ||    91
  Dodge: Dodged            |    66 |    90 |    87 |   454 |   302 ||   999
         Repelled          |       |       |       |       |     8 ||     8
  Block: Buckler           |    15 |    44 |    42 |   303 |   445 ||   849

Table legend: (Time is in decaauts)
 A = Elapsed time spent in this place.
 B = Non-inter-level travel time spent in this place.
 C = Inter-level travel time spent in this place.
 D = Time resting spent in this place.
 E = Time spent auto-exploring this place.
 F = Levels seen in this place.
 G = Mean time per level.
                   A        B        C        D        E       F      G
               +--------+--------+--------+--------+--------+-----+--------+
         Total |  20895 |  20273 |    622 |   1212 |  11632 |  24 |  870.6 |
       Dungeon |  12848 |  12522 |    326 |    972 |   7447 |  13 |  988.3 |
        Temple |     95 |     95 |      0 |      0 |      0 |   1 |   95.0 |
          Lair |   5301 |   5077 |    224 |    240 |   2961 |   5 | 1060.2 |
     Snake Pit |    717 |    717 |      0 |      0 |    373 |   2 |  358.5 |
  Orcish Mines |   1308 |   1237 |     71 |      0 |    771 |   2 |  654.0 |
        Bailey |    623 |    623 |      0 |      0 |     79 |   1 |  623.0 |
               +--------+--------+--------+--------+--------+-----+--------+

Top non-repeatable levels by time:
     D:7: 1453 daAuts
     D:9: 1401 daAuts
     D:2: 1363 daAuts
    D:12: 1345 daAuts
     D:6: 1257 daAuts
     D:1: 1240 daAuts
  Lair:5: 1212 daAuts
     D:4: 1144 daAuts
     D:3: 1143 daAuts
  Lair:1: 1140 daAuts
    D:11: 1128 daAuts
  Lair:2: 1095 daAuts
  Lair:4: 1021 daAuts
   Orc:2: 873 daAuts
  Lair:3: 832 daAuts
